 Dungeon Crawl Stone Soup version 0.29-a0-330-g52719c12eb (webtiles) character file.

Game seed: 6522245225099656234

165062 Crownlay the Tortoise (level 17, 0/162 HPs)
             Began as a Hill Orc Fighter on May 3, 2022.
             Was the Champion of Cheibriados.
             Drowned by a water elemental (8 damage)
             ... summoned by Ilsuiw
             ... on level 2 of the Shoals.
             The game lasted 02:02:58 (28699 turns).

Crownlay the Tortoise (Hill Orc Fighter)           Turns: 28699, Time: 02:02:59

Health: 0/162      AC: 34    Str: 53    XL:     17   Next: 87%
Magic:  27/28      EV: 16    Int: 20    God:    Cheibriados [******]
Gold:   2265       SH: 11    Dex: 35    Spells: 16/16 levels left

rFire   + + .      SeeInvis +   b - +1 war axe (elec)
rCold   + + +      Faith    .   D - +0 buckler {AC+3}
rNeg    . . .      Spirit   .   S - +4 plate armour
rPois   +          Reflect  .   G - +2 helmet "Urecosti" {Str+4 SInv}
rElec   .          Harm     .   E - scarf {rC+ rF+}
rCorr   .          Rampage  .   Y - +0 pair of fencer's gloves {Riposte Dex+3}
Will    +....                   H - +2 pair of boots "Ypothraidu" {Drain rC+ Dex+5}
Stlth   ..........              B - amulet of Vixeanuck {Fragile +Blink rPois rC+ Regen+}
HPRegen 1.17/turn               m - +6 ring of strength
MPRegen 0.21/turn               T - ring of the Lobster {rPois rF+ Str+3 Int-3}

@: lethally poisoned (0 -> -1), engulfed (cannot breathe), mesmerised, studying
2 skills, invisible, very slow
A: no striking features
a: Renounce Religion, Evoke Blink, Bend Time, Temporal Distortion, Slouch, Step
From Time


You were on level 2 of the Shoals.
You worshipped Cheibriados.
Cheibriados was exalted by your worship.
You visited 5 branches of the dungeon, and saw 26 of its levels.
You also visited: Ice Cave and Volcano.

You collected 4197 gold pieces.
You spent 1932 gold pieces at shops.

Inventory:

Hand Weapons
 b - a +1 war axe of electrocution (weapon)
 c - a +0 broad axe
 q - a +3 war axe of flaming
Missiles
 t - 6 javelins
 y - 4 boomerangs (quivered)
 K - 3 throwing nets
 O - 9 curare-tipped darts
Armour
 d - a +2 pair of boots of flying
 A - a +0 plate armour of cold resistance
 D - a +0 buckler of protection (worn)
 E - a scarf of resistance (worn)
 G - the +2 helmet "Urecosti" (worn) {Str+4 SInv}
   (You bought it in a shop on level 1 of the Dungeon)

   Str:       It affects your strength (+4).
   SInv:      It lets you see invisible.
 H - the +2 pair of boots "Ypothraidu" (worn) {Drain rC+ Dex+5}
   (You acquired it on level 4 of the Lair of Beasts)

   Dex:       It affects your dexterity (+5).
   rC:        It protects you from cold.
   Drain:     It drains your maximum health when unequipped.
 S - a +4 plate armour (worn)
 V - a +2 cloak
 Y - the +0 pair of fencer's gloves (worn) {Riposte Dex+3}
   (You bought it in a shop on level 4 of the Dungeon)

   It allows the wearer to riposte with melee weapons, swiftly retaliating
   against missed attacks.
   Dex:       It affects your dexterity (+3).
Jewellery
 m - a +6 ring of strength (left hand)
 B - the amulet of Vixeanuck (around neck) {Fragile +Blink rPois rC+ Regen+}
   (You found it on level 4 of the Dungeon)

   [amulet of regeneration]

   rC:        It protects you from cold.
   rPois:     It protects you from poison.
   +Blink:    It lets you blink.
   Regen:     It increases your rate of health regeneration.
   Fragile:   It will be destroyed if unequipped.
 T - the ring of the Lobster (right hand) {rPois rF+ Str+3 Int-3}
   (You found it on level 5 of the Lair of Beasts)

   [ring of poison resistance]

   Str:       It affects your strength (+3).
   Int:       It affects your intelligence (-3).
   rF:        It protects you from fire.
   rPois:     It protects you from poison.
Wands
 o - a wand of acid (9)
 v - a wand of mindburst (6)
 F - a wand of polymorph (2)
 I - a wand of charming (7)
 L - a wand of flame (33)
 N - a wand of iceblast (6)
Scrolls
 f - 4 scrolls of magic mapping
 h - 3 scrolls of enchant weapon
 i - 2 scrolls of fog
 l - 6 scrolls of blinking
 p - 8 scrolls of teleportation
 r - 2 scrolls of holy word
 s - a scroll of brand weapon
 w - 7 scrolls of fear
 z - 2 scrolls of identify
 J - 2 scrolls of enchant armour
 P - a scroll of summoning
 Q - 2 scrolls of silence
Potions
 a - 4 potions of heal wounds
 g - 3 potions of resistance
 j - 4 potions of cancellation
 k - 4 potions of flight
 n - 8 potions of mutation
 u - 11 potions of ambrosia
 x - 12 potions of curing
 M - a potion of berserk rage
 R - 2 potions of might
 Z - 2 potions of magic
Miscellaneous
 e - a condenser vane
 U - a box of beasts
 X - a tin of tremorstones (2/2)


   Skills:
 + Level 17.6 Fighting
 - Level 14.0 Axes
 - Level 8.0 Throwing
 * Level 18.3 Armour
 + Level 5.4 Dodging
 - Level 16.0 Shields
 - Level 15.0 Invocations
 - Level 8.0 Evocations


You had 16 spell levels left.
You didn't know any spells.
Your spell library contained the following spells:

 Spells                   Type           Power      Damage    Failure   Level
 Foxfire                  Conj/Fire      0%         2x1d4     45%         1
 Sandblast                Erth           0%         2d4       45%         1
 Sting                    Tmut/Pois      0%         1d3       45%         1
 Blink                    Tloc           0%         N/A       61%         2
 Corpse Rot               Necr/Air       0%         N/A       61%         2
 Ensorcelled Hibernation  Hex/Ice        0%         N/A       61%         2
 Passwall                 Tmut/Erth      0%         N/A       61%         2
 Poisonous Vapours        Pois/Air       0%         N/A       61%         2
 Static Discharge         Conj/Air       0%         N/A       61%         2
 Gell's Gravitas          Tloc           0%         N/A       83%         3
 Ignite Poison            Fire/Tmut/Pois 0%         N/A       83%         3
 Inner Flame              Hex/Fire       0%         N/A       83%         3
 Lesser Beckoning         Tloc           0%         N/A       83%         3
 Mephitic Cloud           Conj/Pois/Air  0%         N/A       83%         3
 Ozocubu's Armour         Ice            0%         N/A       83%         3
 Portal Projectile        Hex/Tloc       0%         N/A       83%         3
 Spider Form              Tmut/Pois      0%         N/A       83%         3
 Stone Arrow              Conj/Erth      0%         3d7       83%         3
 Swiftness                Air            0%         N/A       83%         3
 Teleport Other           Tloc           0%         N/A       83%         3
 Anguish                  Hex/Necr       0%         N/A       99%         4
 Cause Fear               Hex            0%         N/A       99%         4
 Dispel Undead            Necr           0%         3d6       99%         4
 Olgreb's Toxic Radiance  Pois           0%         N/A       99%         4
 Sticky Flame             Conj/Fire      0%         2d3       99%         4
 Summon Ice Beast         Ice/Summ       0%         N/A       99%         4
 Blade Hands              Tmut           0%         N/A       100%        5
 Excruciating Wounds      Necr           0%         N/A       100%        5
 Fireball                 Conj/Fire      0%         3d3       100%        5
 Freezing Cloud           Conj/Ice/Air   0%         6-21      100%        5
 Lightning Bolt           Conj/Air       0%         1d11      100%        5
 Manifold Assault         Tloc           0%         N/A       100%        5
 Metabolic Englaciation   Hex/Ice        0%         N/A       100%        5
 Summon Mana Viper        Hex/Summ       0%         N/A       100%        5
 Simulacrum               Ice/Necr       0%         N/A       100%        6
 Starburst                Conj/Fire      0%         6d3       100%        6
 Statue Form              Tmut/Erth      0%         N/A       100%        6
 Malign Gateway           Summ/Tloc      0%         N/A       100%        7
 Monstrous Menagerie      Summ           0%         N/A       100%        7
 Discord                  Hex            0%         N/A       100%        8
 Ignition                 Fire           0%         3d3       100%        8
 Summon Horrible Things   Summ           0%         N/A       100%        8


Dungeon Overview and Level Annotations

Branches:
Dungeon (15/15)            Temple (1/1) D:6            Lair (6/6) D:11
 Shoals (2/4) Lair:3       Spider (0/4) Lair:4        Slime (0/5) Lair:6
    Orc (2/2) D:9             Elf (0/3) Orc:2        Vaults (0/5) D:13
 Depths (0/4) D:15          IceCv (visited)         Volcano (visited)

Altars:
Ashenzari
Cheibriados
Dithmenos
Elyvilon
Fedhas
Hepliaklqana
Kikubaaqudgha
Makhleb
Okawaru
Qazlal
Ru
Sif Muna
Trog
Xom
Yredelemnul
Zin
The Shining One
Beogh
Jiyva
Lugonu

Shops:
D:1 [   D:4 *   D:14 (   Orc:2 (*![![(*

Portals:
Abyss: Shoals:1
Trove: D:10 (give 14 potions of curing)

Annotations:
D:7 Transporter KILL
Shoals:1 1 runed translucent door
Shoals:2 Ilsuiw


Message History

Unknown command.
You feel much better.
* * * LOW HITPOINT WARNING * * *
Your lungs strain for air!
You feel sick.
The merfolk siren chants a haunting song.
You resist with almost no effort. The water elemental closely misses you.
The merfolk siren chants a haunting song.
You are mesmerised by the merfolk siren!
The merfolk hits you with a +0 trident!
* * * LOW HITPOINT WARNING * * *
The merfolk javelineer throws a silver javelin.
The silver javelin pierces through you but does no damage.
* * * LOW HITPOINT WARNING * * *
Ilsuiw mumbles some strange words.
Ilsuiw blinks!
The merfolk siren hits you with a +0 trident!
* * * LOW HITPOINT WARNING * * *
Okay, then.
Okay, then.
You feel much better.
* * * LOW HITPOINT WARNING * * *
Your lungs strain for air!
You feel sick.
The merfolk siren chants a haunting song.
You easily resist.
The water elemental barely misses you.
The merfolk siren chants its luring song.
The merfolk javelineer throws a silver javelin.
The silver javelin pierces through you.
* * * LOW HITPOINT WARNING * * *
x2 The merfolk barely misses you.
The merfolk siren hits you but does no damage.
You cannot read scrolls while unable to breathe!
Okay, then.
Press: ? - help, v - describe, . - travel
Here: a merfolk siren, wielding a +0 trident (almost dead) Some shallow water.
Okay, then.
You fade into invisibility!
You die...

≈≈....†≈≈≈≈≈≈≈
≈≈≈≈≈≈≈≈≈≈≈≈≈≈
≈≈≈≈≈≈≈≈≈≈≈≈≈
.≈≈≈≈≈≈≈≈m≈≈
.≈≈≈≈≈≈≈≈≈≈ .≈
##≈≈≈≈≈≈≈≈≈≈
≈≈≈.#.<≈≈≈≈≈≈≈..
≈≈≈≈≈≈≈≈≈≈E≈≈≈...
≈≈≈≈≈≈≈≈m@m≈≈≈...
≈≈≈≈≈≈≈≈)≈m≈≈≈...
≈.≈≈≈≈≈≈≈m†≈≈≈≈..
≈PP≈≈≈≈≈≈m≈†≈≈≈..
.≈≈≈≈≈≈≈≈≈≈≈≈≈≈≈.
≈≈≈≈≈≈≈≈≈≈†≈≈≈≈≈.
≈≈≈P≈≈PP≈≈≈≈≈≈≈.
≈≈≈P≈≈≈≈≈≈≈≈≈≈.


You could see Ilsuiw (invisible), a merfolk javelineer, a merfolk, a water
elemental (summoned) and 3 merfolk sirens.

Vanquished Creatures
  Rupert (D:12)
  Gastronok (D:8)
  A frost giant (IceCv)
  A fire giant (D:15)
  A very ugly thing (D:15)
  Nessos (D:13)
  2 merfolk impalers
  5 yaktaur captains (D:15)
  Harold (Lair:1)
  10 hydras
  An ice dragon (D:15)
  The ghost of Keiroecw the Nimble, a journeyman GnGl of Yredelemnul (Orc:1)
  5 ogre magi
  A merfolk avatar (Shoals:2)
  5 catoblepae
  6 boulder beetles
  A death knight (D:15)
  17 two-headed ogres
  8 centaur warriors
  Erica (D:8)
  21 death yaks
  3 tengu warriors (D:15)
  Amaemon (Lair:3)
  Sonja (Lair:3)
  A fire crab (D:15)
  5 skeletal warriors
  Lodul (D:13)
  3 sea snakes (Shoals:1)
  2 deep trolls (Orc:2)
  A deep elf archer (D:15)
  A wizard (D:14)
  A phantasmal warrior (D:15)
  14 harpies
  Pikel (D:6)
  2 lindwurms (Volcano)
  A necromancer (D:15)
  6 orc knights
  6 deep elf pyromancers
  An orc sorcerer (Orc:1)
  10 ugly things
  A wolf spider (D:15)
  A salamander (shapeshifter) (D:15)
  14 manticores
  12 cyclopes
  6 fauns (Shoals:1)
  18 elephants
  A moth of wrath (Orc:1)
  2 black mambas
  2 rust devils (D:6)
  2 merfolk sirens (Shoals:1)
  Maurice (D:12)
  13 cane toads
  A torpor snail (Lair:5)
  An ice statue (IceCv)
  A smoke demon (Shoals:1)
  An orange demon (Lair:3)
  An unseen horror (shapeshifter) (D:13)
  An apocalypse crab (Shoals:1)
  4 molten gargoyles (Volcano)
  A water nymph (Shoals:1)
  3 rime drakes
  5 efreet
  2 yaktaurs (D:15)
  12 komodo dragons
  A freezing wraith (D:15)
  2 tengu conjurers (D:15)
  9 polar bears
  4 meliai
  A queen bee (D:12)
  2 hornets
  12 trolls
  9 dream sheep (Lair:5)
  6 merfolk (Shoals:1)
  A wind drake (Shoals:1)
  9 slime creatures
  12 blink frogs
  2 centaur simulacra (D:15)
  2 snapping turtles (Shoals:1)
  2 vampires
  7 wyverns
  A shadow (D:11)
  66 yaks
  7 wraiths
  A human (shapeshifter) (D:15)
  4 culicivoras (Lair:4)
  A hog (shapeshifter) (D:13)
  2 fire elementals (Volcano)
  16 humans (D:13)
  5 basilisks (D:15)
  4 steam dragons
  7 vampire mosquitoes
  Menkaure (D:6)
  8 wargs
  Edmund (D:6)
  2 acid dragons
  9 water moccasins
  Duvessa (D:5)
  19 orc warriors
  2 black bears
  2 sky beasts
  2 ice beasts
  22 ogres
  35 wolves
  A boggart (D:15)
  17 centaurs
  3 lemures (D:6)
  A kobold brigand (D:9)
  12 bullfrogs
  3 gnoll sergeants
  3 necrophages
  2 earth elementals (Volcano)
  4 scorpions
  12 wights
  Dowan (D:5)
  16 killer bees (D:13)
  2 electric eels
  3 howler monkeys
  A jelly (D:8)
  15 orc priests
  A gnoll shaman (D:5)
  7 hounds
  Ijyb (D:5)
  5 iguanas
  21 orc wizards
  5 hell rats (Lair:6)
  3 mummies
  22 gnolls
  9 adders
  An ufetubus (D:6)
  3 dart slugs
  87 orcs
  8 ball pythons
  5 bats
  16 endoplasms
  3 giant cockroaches
  6 goblins
  6 hobgoblins
  3 quokkas
  2 frilled lizards
  9 kobolds
  A kobold zombie (D:4)
  3 orc zombies (D:4)
  2 rats
  5 fire vortices (Volcano)
887 creatures vanquished.

Vanquished Creatures (others)
  The ghost of benappo the Thaumaturge, a journeyman DjTm of Ru (D:13)
  3 ball lightnings (D:13)
  A fire vortex (Volcano)
  27 fungi
  46 plants
78 creatures vanquished.

Grand Total: 965 creatures vanquished

Notes
Turn   | Place    | Note
-------+----------+-------------------------------------------
     0 | D:1      | Crownlay the Hill Orc Fighter began the quest for the Orb.
     0 | D:1      | Reached XP level 1. HP: 19/19 MP: 1/1
   181 | D:1      | Reached XP level 2. HP: 25/27 MP: 2/2
   241 | D:1      | Found Inaytes's Armour Shop.
   538 | D:1      | Reached XP level 3. HP: 33/33 MP: 3/3
  1443 | D:2      | Found a faded altar of an unknown god.
  1733 | D:3      | Identified the +5 mace "Opuinem" {holy, +Blink rC+ Str+4
                  | Int+4}
  1855 | D:3      | Noticed a sky beast
  1863 | D:3      | Killed a sky beast
  1864 | D:3      | Reached skill level 5 in Axes
  1864 | D:3      | Reached XP level 4. HP: 25/41 MP: 4/4
  1864 | D:3      | Reached XP level 5. HP: 29/47 MP: 5/5
  2061 | D:3      | Found a shimmering blue altar of Sif Muna.
  2978 | D:4      | Found Jeoll's Assorted Antiques.
  3068 | D:4      | Reached skill level 5 in Fighting
  3239 | D:4      | Reached XP level 6. HP: 55/56 MP: 6/6
  3304 | D:4      | Found a glowing golden altar of the Shining One.
  3385 | D:4      | Reached skill level 1 in Throwing
  3499 | D:4      | Identified the amulet of Vixeanuck {Fragile +Blink rPois
                  | rC+ Regen+}
  4378 | D:5      | Entered Level 5 of the Dungeon
  4400 | D:5      | Noticed Dowan
  4401 | D:5      | Noticed Duvessa
  4406 | D:5      | Reached XP level 7. HP: 58/61 MP: 7/7
  4416 | D:5      | Killed Duvessa
  4422 | D:5      | Killed Dowan
  4423 | D:5      | Reached skill level 5 in Shields
  4623 | D:5      | Reached XP level 8. HP: 58/70 MP: 8/8
  4684 | D:5      | Found a sacrificial altar of Ru.
  4685 | D:5      | Found a glowing silver altar of Zin.
  4690 | D:5      | Noticed Ijyb
  5041 | D:5      | Killed Ijyb
  5585 | D:5      | Found a shimmering altar of Xom.
  6183 | D:6      | Noticed a yak
  6335 | D:6      | Noticed Pikel
  6401 | D:6      | Killed Pikel
  6402 | D:6      | Reached skill level 10 in Axes
  6402 | D:6      | Reached XP level 9. HP: 57/79 MP: 9/9
  6692 | D:6      | Noticed Edmund
  6713 | D:6      | Killed Edmund
  6727 | D:6      | Found a staircase to the Ecumenical Temple.
  6747 | Temple   | Entered the Ecumenical Temple
  6994 | Temple   | Became a worshipper of Cheibriados the Contemplative
  7049 | D:6      | Reached XP level 10. HP: 88/88 MP: 10/10
  7054 | D:6      | Found a burning altar of Makhleb.
  7093 | D:6      | Found a transporter.
  7098 | D:6      | Found a transporter.
  7235 | D:1      | Bought the +2 helmet "Urecosti" {Str+4 SInv} for 375 gold
                  | pieces
  7470 | D:6      | Found a basalt altar of Yredelemnul.
  7477 | D:6      | Noticed Menkaure
  7480 | D:6      | Found an ancient bone altar of Kikubaaqudgha.
  7690 | D:6      | Noticed a rust devil
  7690 | D:6      | Noticed a rust devil
  7999 | D:7      | Reached * piety under Cheibriados
  8000 | D:7      | Reached skill level 4 in Armour
  8325 | D:8      | Noticed Gastronok
  8701 | D:8      | Noticed Erica
  8709 | D:8      | Killed Erica
  8710 | D:8      | Reached skill level 1 in Invocations
  8875 | D:8      | Reached ** piety under Cheibriados
  9405 | D:9      | Reached skill level 5 in Armour
  9665 | D:9      | Reached XP level 11. HP: 75/94 MP: 13/13
  9783 | D:9      | Reached *** piety under Cheibriados
  9784 | D:9      | Reached skill level 5 in Throwing
  9836 | D:9      | Reached skill level 6 in Armour
  9945 | D:9      | Found a staircase to the Orcish Mines.
 10275 | D:9      | Noticed a cyclops
 10288 | D:9      | Killed a cyclops
 10289 | D:9      | Reached skill level 10 in Shields
 10522 | D:8      | Killed Gastronok
 10796 | D:10     | Entered Level 10 of the Dungeon
 10838 | D:10     | Found a portal to a secret trove of treasure.
 11237 | D:4      | Bought a scroll labelled OTAFONIACK for 28 gold pieces
 11237 | D:4      | Bought a metallic pink potion for 25 gold pieces
 11782 | D:10     | Reached skill level 5 in Invocations
 11958 | D:10     | Noticed a death yak
 11961 | D:10     | Reached skill level 1 in Evocations
 11969 | D:10     | Reached **** piety under Cheibriados
 11976 | D:10     | Killed a death yak
 11985 | D:10     | Reached skill level 7 in Armour
 12218 | D:11     | Noticed a two-headed ogre
 12221 | D:11     | Killed a two-headed ogre
 12222 | D:11     | Reached XP level 12. HP: 69/106 MP: 16/16
 12288 | D:11     | Identified the +7 trident "Lyukka" {protect, rN++ Will+}
 12312 | D:11     | Reached skill level 10 in Fighting
 12459 | D:11     | Noticed a four-headed hydra
 12470 | D:11     | Killed a one-headed hydra
 12592 | D:11     | Found a staircase to the Lair.
 12874 | Lair:1   | Entered Level 1 of the Lair of Beasts
 12875 | Lair:1   | Noticed Harold
 12981 | Lair:1   | Killed Harold
 13212 | Lair:1   | Reached ***** piety under Cheibriados
 13510 | Lair:1   | Reached skill level 8 in Armour
 13761 | Lair:2   | You fall into a shaft and drop 1 floor!
 13761 | Lair:3   | Noticed Amaemon
 13783 | Lair:3   | Killed Amaemon
 14549 | Lair:3   | Noticed Sonja
 14559 | Lair:3   | Killed Sonja
 14560 | Lair:3   | Reached XP level 13. HP: 85/116 MP: 19/19
 14637 | Lair:3   | Found a staircase to the Shoals.
 14671 | Lair:3   | Reached skill level 5 in Evocations
 14694 | Lair:3   | Reached skill level 9 in Armour
 15400 | Lair:4   | Identified a scroll of acquirement
 15401 | Lair:4   | Acquired the +2 pair of boots "Ypothraidu" {Drain rC+
                  | Dex+5}
 15447 | Lair:4   | Identified the +4 spear "Lacertilianslayer" {holy, Contam
                  | rElec Int+4}
 15516 | Lair:4   | Reached ****** piety under Cheibriados
 15889 | Lair:4   | Reached skill level 10 in Armour
 15972 | Lair:4   | Found a hole to the Spider Nest.
 16174 | Lair:5   | Identified the ring of the Lobster {rPois rF+ Str+3 Int-3}
 16422 | Lair:5   | Reached skill level 10 in Invocations
 16425 | Lair:5   | Reached XP level 14. HP: 95/127 MP: 21/21
 17220 | Lair:6   | Entered Level 6 of the Lair of Beasts
 17333 | Lair:6   | Found a staircase to the Slime Pits.
 17334 | Lair:6   | Found a viscous altar of Jiyva.
 18235 | Lair:6   | Got the Volume of Dislocation
 18237 | Lair:6   | Got the Volume of Lethal Transmigration
 18357 | Lair:6   | Reached skill level 11 in Armour
 19130 | D:6      | Killed Menkaure
 19476 | Orc:1    | Entered Level 1 of the Orcish Mines
 19515 | Orc:1    | Reached XP level 15. HP: 91/135 MP: 12/23
 19525 | Orc:1    | Found a transporter.
 19528 | Orc:1    | Noticed Keiroecw's ghost (journeyman GnGl)
 19581 | Orc:1    | Found a frozen archway.
 19587 | IceCv    | Entered an ice cave
 20150 | IceCv    | Noticed a frost giant
 20165 | IceCv    | Reached skill level 15 in Fighting
 20165 | IceCv    | Reached skill level 12 in Armour
 20167 | IceCv    | Killed a frost giant
 20671 | Orc:1    | Found a transporter.
 21001 | Orc:2    | Entered Level 2 of the Orcish Mines
 21010 | Orc:2    | Found a staircase to the Elven Halls.
 21011 | Orc:2    | Found Mukk's Weapon Shoppe.
 21016 | Orc:2    | Reached skill level 15 in Shields
 21244 | Orc:2    | Found Ytoun's Distillery.
 21257 | Orc:2    | Found Eniacuss's Antique Armour Shoppe.
 21259 | Orc:2    | Found a dark tunnel.
 21276 | Volcano  | Entered a volcano
 21679 | Orc:2    | Found Unkekhlo's CLEARANCE SALE!.
 21774 | Orc:2    | Found Kem Wef's Distillery.
 21781 | Orc:2    | Found Sioxkyg's Armour Shop.
 21782 | Orc:2    | Found Soaxocs's Antique Weapon Emporium.
 21786 | Orc:2    | Bought a potion of invisibility for 128 gold pieces
 21808 | Orc:2    | Bought a potion of mutation for 128 gold pieces
 21808 | Orc:2    | Bought a potion of cancellation for 128 gold pieces
 21864 | Orc:2    | Found Onwu Uvu's General Store.
 21960 | Orc:2    | Found a roughly hewn altar of Beogh.
 22199 | Orc:1    | Killed Keiroecw's ghost
 22210 | Orc:1    | Identified the +7 falchion of the First Bones {vamp, rF+
                  | rC+ rN+}
 22475 | D:12     | Noticed Rupert
 22476 | D:12     | Paralysed by Rupert for 7 turns
 22490 | D:12     | Reached XP level 16. HP: 82/149 MP: 25/25
 22799 | D:12     | Noticed Maurice
 22801 | D:12     | Killed Maurice
 23043 | D:12     | Paralysed by Rupert for 3 turns
 23060 | D:12     | Killed Rupert
 23222 | D:13     | Noticed Nessos
 23222 | D:13     | Found a gate to the Vaults.
 23224 | D:13     | Killed Nessos
 23229 | D:13     | Noticed Lodul
 23242 | D:13     | Killed Lodul
 23598 | D:13     | Found a runed translucent gate.
 23598 | D:13     | Found a runed translucent gate.
 23599 | D:13     | Found a runed translucent gate.
 23599 | D:13     | Noticed benappo's ghost (journeyman DjTm)
 23686 | D:13     | Acquired a manual of Armour
 23930 | D:13     | Acquired 943 gold pieces
 24161 | D:4      | Bought the +0 pair of fencer's gloves {Riposte Dex+3} for
                  | 1120 gold pieces
 24161 | D:4      | Found the +0 pair of fencer's gloves {Riposte Dex+3}
 24518 | D:13     | Reached skill level 13 in Armour
 24596 | D:13     | Killed benappo's ghost
 25193 | D:14     | Reached skill level 1 in Dodging
 25391 | D:14     | Found Taxkoymue's Antique Weapon Shoppe.
 25542 | D:15     | Entered Level 15 of the Dungeon
 25685 | D:15     | Reached skill level 15 in Invocations
 25735 | D:15     | Found a glowing golden altar of the Shining One.
 25735 | D:15     | Found a shimmering blue altar of Sif Muna.
 25736 | D:15     | Found a white marble altar of Elyvilon.
 25866 | D:15     | Found a staircase to the Depths.
 25991 | D:15     | Reached skill level 14 in Armour
 26133 | D:15     | Reached XP level 17. HP: 148/159 MP: 28/28
 26245 | D:15     | Reached skill level 15 in Armour
 26558 | D:15     | Reached skill level 16 in Armour
 26630 | D:15     | Identified the +3 leather armour of the Thinker {rN+ rCorr
                  | Int-2}
 26730 | D:15     | Paralysed by an ogre mage for 4 turns
 26864 | D:15     | Identified the +2 pair of boots of the Three of Swords
                  | {Str+3}
 27348 | Shoals:1 | Entered Level 1 of the Shoals
 27361 | Shoals:1 | Reached skill level 17 in Armour
 28196 | Shoals:1 | Reached skill level 5 in Dodging
 28472 | Shoals:1 | Found a runed translucent door.
 28478 | Shoals:1 | Found a corrupted altar of Lugonu.
 28478 | Shoals:1 | Found a one-way gate to the infinite horrors of the Abyss.
 28491 | Shoals:1 | Reached skill level 18 in Armour
 28677 | Shoals:2 | Noticed Ilsuiw
 28697 | Shoals:2 | HP: 6/162 [merfolk siren/+0 trident (7)]
 28699 | Shoals:2 | Drowned by a water elemental

Illustrated notes

Levels and vault maps discovered:
D:1:      lightli_arrival_chessboard, layout_loops_cross, serial_shops,
          nicolae_shop_hallway_plus, minmay_cupped
D:2:      layout_basic, basic_ecumenical_altar, kennysheep_donut
D:3:      layout_loops_ring, lemuel_crystal_altar,
          minmay_fractal_squares_diagonal_5
D:4:      layout_cave_pods, nicolae_tso_swordbearing_angel, serial_shops,
          nicolae_square_shop, serial_park, serial_park_square2,
          serial_park_tiny_2, serial_park_tiny_2, serial_park_gazebo
          [serial_park_minivault_5x5_1], serial_park_square3
          [serial_park_minivault_5x5_6], glass_columns_a, corner_web_ring,
          minmay_mini_ossuary
D:5:      layout_basic, xom_teletrap_fun, mainiacjoe_overflow_catch_the_wave,
          minmay_misc_feat_rugged, uniq_duvessa, uniq_ijyb
D:6:      cheibrodos_iron_armory, layout_rooms, makhleb_heckhound_becter,
          gammafunk_temple_of_torment, minmay_temple_entry_large_hall,
          minmay_misc_feat_x, grunt_ministairs_2, uniq_pikel, uniq_edmund
D:7:      layout_rooms
D:8:      layout_basic, uniq_gastronok, uniq_erica
D:9:      layout_roguey, david_orc_4, chequers_decorated_corner,
          dk_rats_in_the_wall
D:10:     argonaut_augean_stables, layout_rooms,
          nicolae_trove_entry_free_sample, minmay_tree_intersection,
          hangedman_decor_clover_reticule, serial_bayou_crossing
D:11:     layout_loops_ring, lair_entry_dummy, nzn_life_drinkers
D:12:     layout_irregular_city, uniq_maurice, uniq_rupert
D:13:     layout_rooms, david_vaults_3, ebering_ghost_rock_garden, special_room
          [special_room_bee], kennysheep_generic_room_8, uniq_lodul
D:14:     layout_cave_pods, serial_shops, nicolae_shop_stone
D:15:     hangedman_slaughterboxes
Temple:   dpeg_chambers_temple
Lair:1:   layout_chaotic_city, grunt_megastairs_1, uniq_harold
Lair:2:   layout_regular_city
Lair:3:   layout_hall_layers, minmay_shoals_entry_centaurs,
          grunt_forest_small_clearing_treed, serial_bayou_shore_b,
          grunt_megastairs_2, uniq_sonja, uniq_amaemon
Lair:4:   layout_regular_city, hellmonk_spider_entry_life_and_decay,
          serial_bayou_pond_d, kennysheep_catoblepas_arena,
          infiniplex_staircase_pool_2
Lair:5:   layout_loops_ring, chequers_serial_rivers_room_a,
          infiniplex_staircase_pool, serial_bayou_shore_b
Lair:6:   evilmike_catoblepas_cave, layout_gridlike, slime_altar_1,
          serial_bayou_shore_a, grunt_megastairs_5
Shoals:1: layout_shoals, nicolae_shoals_abyss_on_the_beach
Shoals:2: cheibrodos_shoals_baths, layout_shoals, uniq_ilsuiw
Orc:1:    layout_diamond_mine, gammafunk_ghost_berserking_beasts,
          portal_ice_cave_entry_pillars_2
Orc:2:    st_orc_open, layout_caves, nicolae_volcano_entry_lava_flow,
          serial_shops, nicolae_shop_stone, shop,
          nicolae_shop_bloodbath_and_beyond, basic_altar, nicolae_shop_clearance

Skill      XL: |  1  2  3  4  5  6  7  8  9 10 11 12 13 14 15 16 17 |
---------------+----------------------------------------------------+-----
Axes           | 3 5 6 7 10 12 14 | 14.0
Fighting       | 4 5 7 8 9 11 12 14 15 16 17 | 17.6
Shields        | 4 5 6 8 9 10 11 12 13 15 16 | 16.0
Throwing       | 1 3 4 5 7 8 |  8.0
Armour         | 5 7 8 10 11 12 14 18 | 18.3
Invocations    | 3 6 8 10 11 13 15 | 15.0
Evocations     | 2 4 6 8 |  8.0
Dodging        | 2 5 |  5.4

Action                   |  1- 3 |  4- 6 |  7- 9 | 10-12 | 13-15 | 16-18 || total
-------------------------+-------+-------+-------+-------+-------+-------++-------
Melee: War axe           |    90 |   170 |   225 |   302 |   772 |   584 ||  2143
       Hand axe          |       |       |    90 |   271 |       |       ||   361
Throw: Boomerang         |       |       |    18 |    33 |    14 |   182 ||   247
Invok: Slouch            |       |       |       |       |    13 |     3 ||    16
       Step From Time    |       |       |       |       |       |     1 ||     1
       Bend Time         |       |       |       |       |       |     1 ||     1
Evoke: Wand              |       |       |       |       |     9 |     7 ||    16
  Use: Potion            |     1 |       |     4 |       |     2 |     5 ||    12
       Scroll            |       |     4 |     2 |     8 |    12 |     6 ||    32
 Stab: Petrified         |       |       |       |       |     8 |       ||     8
       Distracted        |       |       |       |       |       |     1 ||     1
Armor: Scale mail        |    61 |    86 |   129 |    80 |       |       ||   356
       Plate armour      |       |       |       |   137 |   503 |   451 ||  1091
Dodge: Dodged            |    39 |    88 |   103 |   174 |   315 |   352 ||  1071
Block: Buckler           |    13 |    44 |    65 |   168 |   373 |   346 ||  1009
       Rpst.: War axe    |       |       |       |       |       |    33 ||    33

Table legend: (Time is in decaauts)
 A = Elapsed time spent in this place.
 B = Non-inter-level travel time spent in this place.
 C = Inter-level travel time spent in this place.
 D = Time resting spent in this place.
 E = Time spent auto-exploring this place.
 F = Levels seen in this place.
 G = Mean time per level.
                   A        B        C        D        E       F      G
               +--------+--------+--------+--------+--------+-----+--------+
         Total |  41856 |  34913 |   6943 |    718 |  24474 |  28 | 1494.9 |
       Dungeon |  25116 |  19477 |   5639 |    142 |  13772 |  15 | 1674.4 |
        Temple |    192 |    177 |     15 |      0 |    162 |   1 |  192.0 |
          Lair |  10401 |   9567 |    834 |    315 |   6762 |   6 | 1733.5 |
        Shoals |   1552 |   1516 |     36 |     79 |   1010 |   2 |  776.0 |
  Orcish Mines |   2949 |   2532 |    417 |    113 |   1927 |   2 | 1474.5 |
      Ice Cave |   1083 |   1083 |      0 |      0 |    630 |   1 | 1083.0 |
       Volcano |    560 |    560 |      0 |     69 |    208 |   1 |  560.0 |
               +--------+--------+--------+--------+--------+-----+--------+

Top non-repeatable levels by time:
    D:15: 2768 daAuts
  Lair:6: 2523 daAuts
     D:8: 2381 daAuts
     D:9: 2329 daAuts
     D:4: 2107 daAuts
   Orc:1: 1965 daAuts
  Lair:5: 1820 daAuts
    D:11: 1796 daAuts
     D:6: 1716 daAuts
     D:5: 1703 daAuts
  Lair:4: 1686 daAuts
    D:12: 1636 daAuts
    D:14: 1616 daAuts
Shoals:1: 1530 daAuts
  Lair:1: 1498 daAuts
